 Dungeon Crawl Stone Soup version 0.30-a0-305-g026cb31310 (webtiles) character file.

Game seed: 7710476277619874944

123 pokeman the Magician (level 4, 0/25 HPs)
             Began as a Deep Elf Hedge Wizard on Oct 22, 2022.
             Slain by a lemure (6 damage)
             ... led by Pikel
             ... on level 2 of the Dungeon.
             The game lasted 00:05:34 (2846 turns).

pokeman the Magician (Deep Elf Hedge Wizard)        Turns: 2846, Time: 00:05:34

Health: 0/25       AC:  4    Str:  7    XL:     4   Next: 80%
Magic:  2/13       EV: 13    Int: 21    God:
Gold:   134        SH:  0    Dex: 14    Spells: 6/14 levels left

rFire   . . .      SeeInvis .    p - +0 dagger (venom)
rCold   . . .      Faith    .    (no shield)
rNeg    . . .      Spirit   .    b - +0 robe
rPois   .          Reflect  .    h - +0 helmet
rElec   .          Harm     .    (no cloak)
rCorr   .          Rampage  .    n - +0 pair of gloves
Will    .....                    (no boots)
Stlth   ++........               e - amulet of the acrobat
HPRegen 0.24/turn                (no ring)
MPRegen 0.13/turn                (no ring)

@: no status effects
A: no striking features
a: no special abilities


You were on level 2 of the Dungeon.
You visited 1 branch of the dungeon, and saw 4 of its levels.

You collected 134 gold pieces.

Inventory:

Hand Weapons
 p - a +0 dagger of venom (weapon)
Armour
 b - a +0 robe (worn)
 h - a +0 helmet (worn)
 n - a +0 pair of gloves (worn)
Jewellery
 e - an amulet of the acrobat (around neck)
Wands
 t - a wand of roots (11)
Scrolls
 g - 4 scrolls of identify {unknown}
 j - a scroll of immolation {unknown}
 l - a scroll of enchant armour {unknown}
 m - a scroll of poison {unknown}
 q - a scroll of torment {unknown}
 s - 2 scrolls of teleportation {unknown}
 u - a scroll of amnesia {unknown}
Potions
 a - a potion of curing {unknown}
 c - a potion of mutation {unknown}
 d - a potion of magic
 f - a potion of lignification {unknown}
 i - 2 potions of attraction {unknown}
 k - 2 potions of haste {unknown}
 o - a potion of might {unknown}
 r - 2 potions of heal wounds {unknown}


   Skills:
 - Level 1.0 Fighting
 - Level 1.0 Armour
 + Level 2.9 Dodging
 - Level 3.0 Stealth
 * Level 5.9 Spellcasting
 + Level 2.3 Conjurations
 - Level 1.1 Summonings
 - Level 1.1 Translocations
 + Level 0.0 Evocations


You had 6 spell levels left.
You knew the following spells:

 Your Spells              Type           Power      Damage    Failure   Level
a - Magic Dart            Conj           64%        1d6       3%          1
b - Mephitic Cloud        Conj/Pois/Air  9%         N/A       22%         3
c - Call Imp              Summ           10%        N/A       10%         2
d - Blink                 Tloc           20%        N/A       10%         2

Your spell library contained the following spells:

 Spells                   Type           Power      Damage    Failure   Level
 Slow                     Hex            24%        N/A       10%         1
 Cigotuvi's Dreadful Rot  Necr/Pois/Air  12%        N/A       16%         2


Dungeon Overview and Level Annotations

Branches:
Dungeon (4/15)
 Temple: D:4-7

Altars:
Qazlal
Sif Muna

Annotations:
D:4 Pikel


Message History

You feel stable enough to blink again. The lemure attacks as you move away!
The lemure completely misses you. The lemure attacks as you move away!
The lemure completely misses you.
There is a stone staircase leading up here.
The lemure hits you but does no damage.
You climb upwards.
There is a stone staircase leading down here.
The lemure misses you. The lemure attacks as you move away!
The lemure completely misses you. The lemure attacks as you move away!
The lemure misses you.
Casting: Blink (safe; 10% risk of failure)
Confirm with . or Enter, or press ? or * to list all spells.
A metallic apparition takes form in the air.
The lemure hits you.
You hit the lemure but do no damage.
The lemure is poisoned.
The lemure hits you.
Unknown command.
You barely miss the lemure.
Your iron imp barely misses the lemure.
The lemure barely misses you.
You hit the lemure but do no damage.
Your iron imp closely misses the lemure.
The lemure hits you but does no damage.
You hit the lemure.
The lemure looks as sick as possible!
The lemure is lightly wounded.
Your iron imp hits the lemure!
The lemure misses you.
You closely miss the lemure.
The lemure is heavily wounded.
Your iron imp barely misses the lemure.
The lemure closely misses you.
You barely miss the lemure.
The lemure is heavily wounded.
The lemure closely misses you.
You hit the lemure but do no damage.
The lemure looks as sick as possible!
The lemure is severely wounded.
Your iron imp barely misses the lemure.
The lemure hits you!
* * * LOW HITPOINT WARNING * * *
Unknown command.
You closely miss the lemure.
The lemure is severely wounded.
Your iron imp hits the lemure.
The lemure hits you.
You die...

.#####.# #...............###
...# #.# #........(......#
##.# #.## ##......>......##
#.# #..# ##...........##
#.####.######.........##
#...##..##......###..###
##.......(....#5# #....#
##..##........##5# #..#.##
...###........##@# #..#..#
######........##.# #....(#
##............##.# #.##..#
...#############.###.##..###
.########.........##.###...#
..................##.# #...#
#########.........##.# ##..#
#.........##.## #..#
##.....#....>..# #..#


You could see a lemure (extremely poisoned, ally target) and a friendly iron imp
(summoned).

Vanquished Creatures
  2 gnolls (D:2)
  4 adders
  3 dart slugs
  2 orcs (D:4)
  5 ball pythons
  3 endoplasms (D:1)
  A giant cockroach (D:3)
  8 goblins
  3 hobgoblins
  6 kobolds
  2 quokkas
  A bat (D:2)
  6 frilled lizards
  6 rats
52 creatures vanquished.

Vanquished Creatures (collateral kills)
  A gnoll (D:2)
1 creature vanquished.

Vanquished Creatures (others)
  2 fungi (D:4)
2 creatures vanquished.

Grand Total: 55 creatures vanquished

Notes
Turn   | Place    | Note
-------+----------+-------------------------------------------
     0 | D:1      | pokeman the Deep Elf Hedge Wizard began the quest for the
                  | Orb.
     0 | D:1      | Reached XP level 1. HP: 10/10 MP: 7/7
   319 | D:1      | Reached XP level 2. HP: 16/16 MP: 4/9
   898 | D:1      | Reached skill level 5 in Spellcasting
  1068 | D:1      | Reached XP level 3. HP: 20/20 MP: 9/11
  1072 | D:1      | Learned a level 3 spell: Mephitic Cloud
  1075 | D:1      | Learned a level 2 spell: Call Imp
  1078 | D:1      | Learned a level 2 spell: Blink
  1314 | D:2      | Reached skill level 1 in Fighting
  1314 | D:2      | Reached skill level 1 in Armour
  1365 | D:2      | Reached XP level 4. HP: 25/25 MP: 2/13
  2097 | D:3      | Found a shimmering blue altar of Sif Muna.
  2248 | D:3      | Noticed a phantom
  2695 | D:4      | Found a stormy altar of Qazlal.
  2756 | D:4      | Noticed a lemure
  2756 | D:4      | Noticed Pikel
  2758 | D:4      | Noticed a lemure
  2766 | D:4      | Noticed a lemure
  2768 | D:4      | Noticed a lemure
  2846 | D:2      | Slain by a lemure

Illustrated notes

Levels and vault maps discovered:
D:1:      lightli_iron_boxes, layout_loops_ring
D:2:      layout_rooms, minmay_fountain_box
D:3:      layout_basic, nicolae_sif_muna_condensation,
          chequers_serial_rivers_small_3
D:4:      layout_gridville, mainiacjoe_overflow_cross_hatched,
          minmay_temple_entry_proselytizer, uniq_pikel

Skill      XL: |  1  2  3  4 |
---------------+-------------+-----
Spellcasting   | 5 |  5.9
Fighting       | 1 |  1.0
Armour         | 1 |  1.0
Conjurations   | 2 |  2.3
Stealth        | 3 |  3.0
Dodging        | |  2.9
Summonings     | |  1.1
Translocations | |  1.1

Action                   |  1- 3 |  4- 6 || total
-------------------------+-------+-------++-------
Melee: Mace              |     9 |       ||     9
       Dagger            |       |    13 ||    13
 Cast: Magic Dart        |    69 |    66 ||   135
       Mephitic Cloud    |     3 |     1 ||     4
       Call Imp          |     2 |     1 ||     3
       Blink             |       |     1 ||     1
 Stab: Confused          |     2 |       ||     2
Armor: Robe              |     6 |     7 ||    13
Dodge: Dodged            |    25 |    34 ||    59

Table legend: (Time is in decaauts)
 A = Elapsed time spent in this place.
 B = Non-inter-level travel time spent in this place.
 C = Inter-level travel time spent in this place.
 D = Time resting spent in this place.
 E = Time spent auto-exploring this place.
 F = Levels seen in this place.
 G = Mean time per level.
                   A        B        C        D        E       F      G
               +--------+--------+--------+--------+--------+-----+--------+
         Total |   2853 |   2796 |     57 |     25 |   2328 |   4 |  713.2 |
       Dungeon |   2853 |   2796 |     57 |     25 |   2328 |   4 |  713.2 |
               +--------+--------+--------+--------+--------+-----+--------+

Top non-repeatable levels by time:
     D:1: 1184 daAuts
     D:2: 891 daAuts
     D:3: 691 daAuts
     D:4: 85 daAuts
